AoeStats
← jonafaca

Fortress

510624392Analyzed
1v1 RM · 2d ago on Oct 1, 2026· 48m 30s· 2 players
Game mode
Random Map
Map size
Small (3 player)
Population
200
Speed
Normal
Resources
Standard
Victory
Conquest
Starting age
Dark Age
Ending age
Imperial Age
RankedLock teamsTeams togetherTeam positionsShared explorationLock speedFull tech treeHidden civsTurbo modeCheats
Victory
Defeat
🇬🇧 Japanese · United Kingdom
834
+15
🇦🇷 Bulgarians · Argentina
820
-36
jonafaca
8:14 Feudal Age
13:09 Castle Age
13:06 Double-Bit Axe
13:04 Horse Collar
13:20 Gold Mining
23:37 Imperial Age
22:02 Stirrups
22:23 Forging
22:15 Scale Mail Armor
22:21 Scale Barding Armor
23:09 Bow Saw
26:57 Wheelbarrow
41:53 Elite Konnik
42:56 Chain Mail Armor
44:30 Heavy Plow
44:39 Husbandry
44:50 Bloodlines
46:34 Gold Shaft Mining
45:51 Stone Mining
48:00 Conscription
Trailstar320
6:41 Feudal Age
4:57 Loom
7:53 Double-Bit Axe
8:17 Horse Collar
14:25 Castle Age
12:43 Stone Mining
12:43 Man-at-Arms
13:26 Scale Mail Armor
13:37 Forging
14:16 Gold Mining
22:18 Heavy Plow
26:41 Chain Mail Armor
27:02 Iron Casting
32:31 Imperial Age
30:41 Wheelbarrow
30:02 Fletching
31:15 Yasama
33:21 Masonry
35:45 Capped Ram
36:54 Elite Samurai
37:20 Elite Samurai
38:59 Conscription
38:04 Pikeman
38:45 Squires
39:11 Halberdier
41:03 Plate Mail Armor
41:34 Blast Furnace
41:54 Bodkin Arrow
42:38 Gold Shaft Mining
42:30 Kataparuto
42:01 Town Watch
42:07 Town Watch
43:40 Gambesons
47:32 Arson
Connection lost

Rejoining the realm…

Still unreachable

The connection could not be restored.

Session expired

The server has moved on; the page needs a fresh start.